 Dungeon Crawl Stone Soup version 0.31-a0-1610-g9787180647 (webtiles) character file.

Game seed: 17824273208080504297

1824 senseless the Trooper (level 8, -4/64 HPs)
             Began as a Demonspawn Shapeshifter on Jan 8, 2024.
             Was a Plaything of Xom.
             Slain by an iguana (12 damage)
             ... summoned by Xom
             ... on level 6 of the Dungeon.
             The game lasted 00:15:15 (4754 turns).

senseless the Trooper (Demonspawn Shapeshifter)     Turns: 4754, Time: 00:15:15

Health: -4/64      AC:  3    Str: 16    XL:     8   Next: 86%
Magic:  2/2        EV: 13    Int:  8    God:    Xom [......]
Gold:   296        SH:  0    Dex: 14    Spells: 7/7 levels left

rFire   . . .        w - +5 demon whip "Spellbinder" {antimagic, disrupt, Will+}
rCold   . . .        (no shield)
rNeg    . . .        B - +0 leather armour
rPois   .            (helmet currently unavailable)
rElec   .            (cloak currently unavailable)
rCorr   .            (gloves currently unavailable)
SInv    .            (boots currently unavailable)
Will    +....        (no amulet)
Stlth   +            (no ring)
HPRegen 0.30/turn    (no ring)
MPRegen 0.16/turn

%: no passive effects
@: lethally poisoned (-4 -> -16), on fire, beast-form, glowing
A: beast (slay +3), hooves 2, ignite blood 2, magic regeneration, dopey 1, noise
suppression
a: Begin Untransformation, Renounce Religion


You were on level 6 of the Dungeon.
You worshipped Xom.
You were a very special plaything of Xom.
You were a hulking beast.
You visited 2 branches of the dungeon, and saw 7 of its levels.

You collected 296 gold pieces.

Inventory:

Hand Weapons
 i - a +1 dagger of venom
 p - a +0 dagger of draining
 v - a +3 quarterstaff of chaos
 w - the +5 demon whip "Spellbinder" (weapon) {antimagic, disrupt, Will+}
   (You found it on level 3 of the Dungeon)

   Will+:     It increases your willpower.
Missiles
 r - 4 javelins
Armour
 a - a +0 animal skin
 s - a +0 helmet
 u - a +0 cloak
 B - a +0 leather armour (worn)
Talismans
 c - a beast talisman
 d - a flux talisman
Wands
 b - a wand of charming (3)
 q - a wand of roots (11)
 z - a wand of flame (19) (quivered)
Scrolls
 f - 2 scrolls of identify
 n - a scroll of teleportation
 x - a scroll of fog
Potions
 e - a potion of might
 g - 2 potions of attraction
 j - 4 potions of haste
 o - a potion of ambrosia
 C - 2 potions of brilliance
 D - a potion of berserk rage


   Skills:
 + Level 5.7 Fighting
 + Level 4.3 Maces & Flails
 + Level 5.4 Dodging
 - Level 3.7 Unarmed Combat
 + Level 5.5 Shapeshifting


You had 7 spell levels left.
You didn't know any spells.
Your spell library contained the following spells:

 Spells                   Type           Power      Damage    Failure   Level
 Call Canine Familiar     Summ           0%         N/A       85%         3
 Sigil of Binding         Hex            0%         N/A       85%         3
 Dimensional Bullseye     Hex/Tloc       0%         N/A       99%         4


Dungeon Overview and Level Annotations

Branches:
Dungeon (6/15)             Temple (1/1) D:5

Altars:
Ashenzari
Fedhas
Gozag
Hepliaklqana
Kikubaaqudgha
Makhleb
Nemelex Xobeh
Okawaru
Qazlal
Ru
Vehumet
Wu Jian
Xom


Innate Abilities, Weirdness & Mutations

You are a hulking beast.
Your limbs bulge with bestial killing power. (Slay +3)
You have hoof-like feet.
Your demonic aura often causes spilled blood to erupt in flames.
You regenerate magic rapidly.
You are dopey. (Int -2)
You passively dampen the noise of your surroundings.


Message History

The shadow imp hits you but does no damage.
The scorpion stings you!
You are poisoned.
The scorpion poisons you!
The orc hits you with a +1 dagger of venom.
You are more poisoned.
You hit the scorpion. You kick the scorpion.
The scorpion is heavily wounded.
You feel very sick. The iguana barely misses you. The shadow imp misses you.
The scorpion stings you but does no damage.
The orc hits you with a +1 dagger of venom.
You are lethally poisoned!
You are too injured to fight recklessly!
You whack the orc!
You kill the orc!
You feel very sick. The iguana bites you!
* * * LOW HITPOINT WARNING * * *
The shadow imp hits you but does no damage.
The scorpion stings you but does no damage.
* * * LOW HITPOINT WARNING * * *
You feel very sick. The iguana barely misses you.
The bombardier beetle sprays incendiary fluid at you.
The burning spray hits you.
You are covered in liquid fire!
You see here a +1 dagger of venom.
You feel much better. The liquid fire burns you!
* * * LOW HITPOINT WARNING * * *
You feel very sick. The iguana bites you.
* * * LOW HITPOINT WARNING * * *
You shake off some of the fire as you move.
The liquid fire burns you!
* * * LOW HITPOINT WARNING * * *
x2 You feel very sick.
The iguana attacks as it pursues you! The iguana bites you!
You die...

**,* ##.......## *.###*
#..####... *,...*
##..####... *,*#.#*
#####.>......##
*,*#..#*##........#####
**,**#..##..##.#.### *,,*
#.....5...#.# *,**
#..Bl.#####.# *,* #..hs.#
#.# *,* *#.>...# #.#*
*,**#......# #..* #
*,*#.......# ##.******#
***,#..#.....# *.**,,,..
*,,>#.######## *,,,,.***
*,**#.*************,,,..##
*,*,.,**,,,,,,,,,,,,***..##
*,,,,,,,,,,,,*****######.#.


You could see a scorpion (summoned), a bombardier beetle, an iguana (summoned)
and a shadow imp (summoned).

Vanquished Creatures
  The ghost of swap the Thaumaturge, a novice DECj (D:5)
  Grinder (D:5)
  An ice beast (D:6)
  A black bear (D:5)
  A centaur (D:5)
  A phantom (D:5)
  A bullfrog (D:6)
  2 water moccasin zombies (D:5)
  A howler monkey (D:4)
  2 centaur zombies (D:5)
  A hound (D:6)
  4 bombardier beetles
  Crazy Yiuf (D:3)
  3 sleepcaps (D:6)
  5 iguanas
  Natasha (thrice) (D:3)
  Ijyb (D:5)
  2 hound zombies (D:5)
  3 gnolls (D:5)
  7 adders
  2 white imps (D:5)
  2 adder zombies (D:5)
  An adder skeleton (D:5)
  2 dart slugs (D:1)
  A ribbon worm (D:2)
  4 orcs
  4 bats
  5 endoplasms
  4 giant cockroaches
  7 goblins
  10 hobgoblins
  6 jackals
  6 kobolds
  3 quokkas
  6 ball pythons
  4 frilled lizards
  7 rats
116 creatures vanquished.

Vanquished Creatures (collateral kills)
  A bullfrog skeleton (D:5)
  A scorpion zombie (D:5)
  A hound zombie (D:5)
  An orc (D:5)
4 creatures vanquished.

Grand Total: 120 creatures vanquished

Notes
Turn   | Place    | Note
-------+----------+-------------------------------------------
     0 | D:1      | senseless the Demonspawn Shapeshifter began the quest for
                  | the Orb.
     0 | D:1      | Reached XP level 1. HP: 15/15 MP: 1/1
   191 | D:1      | Gained mutation: You have large cloven feet. [demonic
                  | ancestry]
   191 | D:1      | Reached XP level 2. HP: 16/21 MP: 2/2
   444 | D:1      | Gained mutation: You regenerate magic rapidly. [demonic
                  | ancestry]
   444 | D:1      | Reached XP level 3. HP: 26/26 MP: 3/3
   828 | D:1      | Found a faded altar of an unknown god.
   838 | D:1      | Prayed at the altar of an unknown god.
   838 | D:1      | Became a worshipper of Xom of Chaos
  1069 | D:2      | Reached XP level 4. HP: 20/33 MP: 4/4
  1206 | D:2      | XOM: divination: detect creatures
  1459 | D:2      | XOM: silly message
  1640 | D:3      | XOM: stealth player
  1640 | D:3      | Noticed Natasha
  2021 | D:3      | Killed Natasha
  2021 | D:3      | Noticed Natasha
  2036 | D:3      | Killed Natasha
  2037 | D:3      | Gained mutation: Your demonic aura sometimes causes spilled
                  | blood to erupt in flames. [demonic ancestry]
  2037 | D:3      | Reached XP level 5. HP: 4/39 MP: 5/5
  2374 | D:3      | Found a runed translucent door.
  2374 | D:3      | Found the +5 demon whip "Spellbinder" {antimagic, disrupt,
                  | Will+}
  2375 | D:3      | Noticed Crazy Yiuf
  2420 | D:3      | Noticed Natasha
  2426 | D:3      | XOM: butterfly on damage
  2432 | D:3      | Killed Natasha
  2698 | D:3      | XOM: give mutations
  2698 | D:3      | Gained mutation: You are occasionally teleported next to
                  | monsters. [Xom's mischief]
  2698 | D:3      | Gained mutation: You have a somewhat thin skeletal
                  | structure. (Dex +2, Stealth+) [Xom's mischief]
  2752 | D:3      | XOM: scenery: 1 doors close
  2767 | D:3      | Killed Crazy Yiuf
  2986 | D:4      | Reached XP level 6. HP: 33/47 MP: 2/6
  3027 | D:4      | XOM: 1-stop teleportation journey
  3217 | D:4      | Reached skill level 1 in Maces & Flails
  3449 | D:5      | Entered Level 5 of the Dungeon
  3468 | D:5      | Noticed Grinder
  3488 | D:5      | Noticed Ijyb
  3488 | D:5      | Found a staircase to the Ecumenical Temple.
  3502 | D:5      | Killed Ijyb
  3516 | D:5      | XOM: summons 3 friendly demons
  3517 | D:5      | XOM: 8-stop teleportation journey
  3521 | Temple   | XOM: noise
  3521 | Temple   | Entered the Ecumenical Temple
  3637 | D:5      | XOM: summons friendly ufetubus
  3650 | D:5      | XOM: polymorph ufetubus -> quasit
  3663 | D:5      | Lost mutation: You are occasionally teleported next to
                  | monsters. [potion of mutation]
  3663 | D:5      | Lost mutation: You have a somewhat thin skeletal structure.
                  | (Dex +2, Stealth+) [potion of mutation]
  3663 | D:5      | Gained mutation: You are clumsy. (Dex -2) [potion of
                  | mutation]
  3663 | D:5      | Lost mutation: You are clumsy. (Dex -2) [potion of
                  | mutation]
  3663 | D:5      | XOM: summons friendly iron imp
  3671 | D:5      | Gained mutation: Your demonic aura often causes spilled
                  | blood to erupt in flames. [demonic ancestry]
  3671 | D:5      | Reached XP level 7. HP: 31/53 MP: 2/7
  3680 | D:5      | HP: 2/79 [iguana (7)]
  4048 | D:5      | XOM: god gift: 11 gold pieces
  4050 | D:5      | Killed Grinder
  4051 | D:5      | Gained mutation: You have hoof-like feet. [demonic
                  | ancestry]
  4051 | D:5      | Reached XP level 8. HP: 52/61 MP: 2/8
  4128 | D:5      | Found a runed translucent gate.
  4128 | D:5      | Found a runed translucent gate.
  4128 | D:5      | Found a runed translucent gate.
  4156 | D:5      | XOM: summons 8 friendly demons
  4171 | D:5      | Reached skill level 5 in Fighting
  4171 | D:5      | Reached skill level 5 in Shapeshifting
  4184 | D:5      | Noticed swap's ghost (novice DECj)
  4193 | D:5      | Killed swap's ghost
  4194 | D:5      | Reached skill level 5 in Dodging
  4296 | D:5      | XOM: give mutations
  4296 | D:5      | Gained mutation: You do not regenerate when monsters are
                  | visible. [Xom's mischief]
  4296 | D:5      | Lost mutation: You do not regenerate when monsters are
                  | visible. [Xom's mischief]
  4296 | D:5      | Gained mutation: You are dopey. (Int -2) [Xom's mischief]
  4296 | D:5      | Gained mutation: You passively dampen the noise of your
                  | surroundings. [Xom's mischief]
  4387 | D:5      | XOM: draining
  4747 | D:6      | XOM: summons 3 hostile shadow creatures
  4754 | D:6      | Slain by an iguana

Illustrated notes

Levels and vault maps discovered:
D:1:      psy_arrival_spokes, layout_loops_ring,
          hellmonk_ecumenical_altar_run_dry, chequers_serial_rivers_marsh
D:2:      layout_rooms, roderic_roman_lattice, grunt_ministairs_4,
          minmay_quadrilaterals
D:3:      layout_basic, serial_rivers, chequers_serial_rivers_micro_d,
          chequers_serial_rivers_micro_e, chequers_serial_rivers_micro_e,
          chequers_serial_rivers_small_a, uniq_crazy_yiuf_cottage, uniq_natasha
D:4:      layout_rooms, st_stairs_1, nrook_uturn
D:5:      layout_cave_pools, minmay_temple_entry_tees,
          ebering_ghost_rock_garden, serial_undead, serial_undead_e,
          serial_undead_d, serial_undead_e, serial_undead_b, serial_undead_c,
          serial_undead_d, uniq_grinder, uniq_ijyb
D:6:      layout_rooms
Temple:   nicolae_temple_no_exploring_needed

Skill      XL: |  1  2  3  4  5  6  7  8 |
---------------+-------------------------+-----
Dodging        | 2 3 4 5 |  5.4
Unarmed Combat | 3 |  3.7
Shapeshifting  | 3 4 5 |  5.5
Fighting       | 2 3 4 5 |  5.7
Maces & Flails | 1 3 4 |  4.3

Action                     |  1- 3 |  4- 6 |  7- 9 || total
---------------------------+-------+-------+-------++-------
  Melee: Unarmed           |   125 |    65 |       ||   190
         Punch             |     2 |     3 |     2 ||     7
         Kick              |    18 |    33 |    23 ||    74
         Demon whip        |       |    71 |    78 ||   149
  Evoke: Wand              |       |       |     1 ||     1
    Use: Potion            |       |     8 |     3 ||    11
         Scroll            |       |       |    13 ||    13
   Stab: Sleeping          |     3 |     3 |       ||     6
         Distracted        |       |     1 |       ||     1
 Armour: Animal skin       |    54 |    38 |       ||    92
         Skin              |       |    41 |     9 ||    50
         Leather armour    |       |    26 |    49 ||    75
  Dodge: Dodged            |    77 |   102 |    60 ||   239

Table legend: (Time is in decaauts)
 A = Elapsed time spent in this place.
 B = Non-inter-level travel time spent in this place.
 C = Inter-level travel time spent in this place.
 D = Time resting spent in this place.
 E = Time spent auto-exploring this place.
 F = Levels seen in this place.
 G = Mean time per level.
                   A        B        C        D        E       F      G
               +--------+--------+--------+--------+--------+-----+--------+
         Total |   4738 |   4533 |    205 |    541 |   3170 |   7 |  676.9 |
       Dungeon |   4629 |   4424 |    205 |    434 |   3170 |   6 |  771.5 |
        Temple |    108 |    108 |      0 |    107 |      0 |   1 |  108.0 |
               +--------+--------+--------+--------+--------+-----+--------+

Top non-repeatable levels by time:
     D:3: 1193 daAuts
     D:5: 892 daAuts
     D:1: 864 daAuts
     D:2: 784 daAuts
     D:4: 647 daAuts
     D:6: 246 daAuts
  Temple: 108 daAuts
